Description

zvt

Replay - Clem v Serral: Game 3 - [ESL] Alcyone

Build Order

Get SALT Encoding   

  12  0:00  Drone  
  13  0:12  Overlord  
  13  0:16  Drone  
  14  0:30  Drone x2  
  16  0:47  Hatchery  
  15  0:50  Drone x2  
  17  0:58  Drone  
  18  1:08  Extractor  
  17  1:12  Spawning Pool  
  17  1:15  Drone x2  
  18  1:27  Drone  
  21  1:58  Queen x2  
  21  1:59  Zergling x4  
  27  2:07  Metabolic Boost  
  27  2:10  Overlord  
  28  2:23  Extractor  
  28  2:34  Queen  
  33  2:42  Overlord  
  33  2:43  Extractor  
  35  2:57  Hatchery  
  35  3:05  Overlord  
  36  3:08  Zergling x8  
  42  3:17  Queen  
  47  3:30  Overlord  
  48  3:35  Queen  
  48  3:39  Zergling x4  
  57  3:56  Queen  
  59  4:03  Extractor  
  59  4:04  Zergling x2  
  61  4:11  Queen  
  61  4:12  Extractor  
  69  4:18  Queen  
  70  4:26  Zergling x2  
  69  4:43  Spore Crawler  
  71  4:57  Evolution Chamber x2  
  69  5:09  Extractor, Queen  
  82  5:31  Zerg Ground Armor Level 1, Zerg Melee Weapons Level 1  
  84  5:36  Hatchery  
  85  5:43  Extractor  
  85  5:48  Lair  
  89  6:04  Baneling Nest, Spore Crawler  
  97  6:22  Extractor  
  107  6:40  Centrifugal Hooks  
  109  6:49  Baneling x5  
  109  6:53  Queen  
  127  7:26  Zerg Melee Weapons Level 2, Zerg Ground Armor Level 2  
  127  7:46  Hatchery  
  127  7:49  Overseer, Pneumatized Carapace, Baneling x3  
  130  7:59  Overseer x2  
  130  8:04  Extractor x2  
  132  8:08  Baneling x2  
  134  8:13  Hydralisk Den  
  134  8:15  Hatchery  
  134  8:19  Spore Crawler  
  140  8:24  Grooved Spines  
  145  8:58  Infestation Pit  
  161  9:28  Muscular Augments  
  161  9:36  Hive  
  165  9:38  Spore Crawler  
Spawning Tool Build Advisor. Get it on Overwolf

Go to:

Details

  • Created by: momopeanut
  • Published on: Mar 10, 2024
  • Modified on: Mar 10, 2024
  • Patch: 5.0.11
  • Difficulty: Hard
Show
View Real Time Build Order
Export as new Build Order

Comments (0)

There are no comments. Be the first!

Create an account to comment!